 Dungeon Crawl Stone Soup version 0.30-b1-5-g8e6c1be481 (webtiles) character file.

Game seed: 2132801506298750941

44 croobank the Firebug (level 3, 0/25 HPs)
             Began as a Demonspawn Fire Elementalist on May 5, 2023.
             Slain by Grinder (2 damage)
             ... on level 2 of the Dungeon.
             The game lasted 00:05:45 (2049 turns).

croobank the Firebug (Demonspawn Fire Elementalist) Turns: 2049, Time: 00:05:46

Health: 0/25       AC:  2    Str:  8    XL:     3   Next: 39%
Magic:  6/6        EV: 12    Int: 18    God:
Gold:   103        SH:  0    Dex: 13    Spells: 3/6 levels left

rFire   . . .        a - +0 dagger
rCold   . . .        (no shield)
rNeg    + . .        n - +0 robe
rPois   .            (helmet restricted)
rElec   .            (no cloak)
rCorr   .            (no gloves)
SInv    .            (no boots)
Will    .....        (no amulet)
Stlth   ++           i - ring of flight
HPRegen 0.24/turn    l - ring of positive energy
MPRegen 0.10/turn

%: no passive effects
@: flying
A: horns 1
a: no special abilities


You were on level 2 of the Dungeon.
You visited 1 branch of the dungeon, and saw 3 of its levels.

You collected 103 gold pieces.

Inventory:

Hand Weapons
 a - a +0 dagger (weapon)
 f - a +0 whip
 p - a +0 long sword
Missiles
 d - 8 poisoned darts
 o - 4 curare-tipped darts
Armour
 h - a +0 ring mail
 n - a +0 robe (worn)
 q - a +0 leather armour
Jewellery
 i - a ring of flight (left hand)
 l - a ring of positive energy (right hand)
Scrolls
 k - a scroll of fear {unknown}
 m - a scroll of identify {unknown}
Potions
 c - 2 potions of heal wounds {unknown}
 e - a potion of flight {unknown}
 g - a potion of haste {unknown}
 j - a potion of mutation {unknown}
 r - a potion of brilliance {unknown}


   Skills:
 + Level 0.3 Fighting
 + Level 2.1 Dodging
 + Level 2.3 Stealth
 + Level 2.3 Spellcasting
 + Level 1.6 Conjurations
 + Level 3.0 Fire Magic


You had 3 spell levels left.
You knew the following spells:

 Your Spells              Type           Power      Damage    Failure   Level
a - Foxfire               Conj/Fire      40%        2x1d6     7%          1
b - Scorch                Fire           26%        2d6       8%          2

Your spell library contained the following spells:

 Spells                   Type           Power      Damage    Failure   Level
 Inner Flame              Hex/Fire       7%         N/A       28%         3
 Volatile Blastmotes      Fire/Tloc      14%        2d11      28%         3
 Flame Wave               Conj/Fire      10%        2d6       56%         4


Dungeon Overview and Level Annotations

Branches:
Dungeon (3/15)

Altars:
Ru

Annotations:
D:2 Grinder


Innate Abilities, Weirdness & Mutations

You have a pair of small horns on your head.


Message History

Grinder is moderately wounded.
Casting: Foxfire (safe; 7% risk of failure)
Confirm with . or Enter, or press ? or * to list all spells.
You don't have enough magic to cast this spell.
The foxfire hits Grinder.
Grinder is heavily wounded.
The foxfire hits Grinder but does no damage.
Grinder is heavily wounded.
You fly upwards.
There is a stone staircase leading down here.
You start resting.
Magic restored.
You fly downwards.
Level annotation: Grinder
There is a stone staircase leading up here.
Casting: Foxfire (safe; 7% risk of failure)
Confirm with . or Enter, or press ? or * to list all spells.
Flames lash Grinder.
Grinder is severely wounded.
Grinder's fire resistance burns away.
Grinder gestures at you.
You suddenly lose the ability to move!
Grinder hits you!
You can move again.
Casting: Scorch (safe; 8% risk of failure)
Confirm with . or Enter, or press ? or * to list all spells.
Flames lash Grinder.
Grinder is burned terribly!
Grinder is severely wounded.
Grinder blinks!
Casting: Scorch (safe; 8% risk of failure)
Confirm with . or Enter, or press ? or * to list all spells.
Flames lash Grinder.
Grinder is burned terribly!
Grinder is almost dead.
Grinder hits you!
You fly upwards.
There is a stone staircase leading down here.
Magic courses through your body. Grinder hits you.
* * * LOW HITPOINT WARNING * * *
You writhe in agony.
You die...

..............###.....#.#.#......
........>..#### ###.....#.....#.#
##########.# #.#.#.#.#.#<#.#.# #
#.######.#8^.#.#........
#........#######.#.#....
#.#####..##.# #....###.# #.#
#.....# ##.#.##..# #.###
#.5.######.#.#.... #...#
#@.........#.#.... #.#.#
##..########...._.
#########.#.####..#### ##.....
#.........#.#........#######....
#.#########.#.##...........#.###
#.# #.#......#.#####.#.# # #.#
#.#.###..#.# #.#.# #.# #.#.#
#..#.# #.#.# #.#### #.#.#
#..#.#####.#.#


You could see Grinder (combustible).

Vanquished Creatures
  2 worms (D:2)
  An orc (D:2)
  6 ball pythons
  4 endoplasms
  A giant cockroach (D:2)
  4 goblins
  4 hobgoblins
  4 jackals (D:2)
  2 kobolds (D:1)
  2 quokkas (D:1)
  A frilled lizard (D:1)
31 creatures vanquished.

Vanquished Creatures (others)
  84 foxfires
84 creatures vanquished.

Grand Total: 115 creatures vanquished

Notes
Turn   | Place    | Note
-------+----------+-------------------------------------------
     0 | D:1      | croobank the Demonspawn Fire Elementalist began the quest
                  | for the Orb.
     0 | D:1      | Reached XP level 1. HP: 13/13 MP: 3/3
   348 | D:1      | Gained mutation: You have a pair of small horns on your
                  | head. [demonic ancestry]
   348 | D:1      | Reached XP level 2. HP: 15/19 MP: 0/5
   351 | D:1      | Learned a level 2 spell: Scorch
   961 | D:2      | Found a faded altar of an unknown god.
  1062 | D:2      | Found a sacrificial altar of Ru.
  1160 | D:2      | Reached XP level 3. HP: 24/24 MP: 1/6
  1225 | D:2      | Reached skill level 3 in Fire Magic
  1990 | D:3      | Noticed Grinder
  2042 | D:3      | Paralysed by Grinder for 3 turns
  2049 | D:2      | Slain by Grinder

Illustrated notes

Levels and vault maps discovered:
D:1:      dpeg_arrival_central, layout_rooms
D:2:      layout_loops_ring, basic_altar, shapermc_ecumenical_altar_mp_highgroup
D:3:      layout_basic, uniq_grinder, uniq_robin

Skill      XL: |  1  2  3 |
---------------+----------+-----
Stealth        | 2 |  2.3
Dodging        | 2 |  2.1
Fire Magic     | 3 |  3.0
Fighting       | |  0.3
Spellcasting   | |  2.3
Conjurations   | |  1.6

Action                     || total
---------------------------++-------
  Melee: Whip              ||     5
         Dagger            ||    18
         Headbutt          ||     8
   Cast: Foxfire           ||    51
         Scorch            ||    15
    Use: Potion            ||     1
 Armour: Robe              ||     7
  Dodge: Dodged            ||    32
